 Dungeon Crawl Stone Soup version 0.30-a0-691-g754fce4c43 (webtiles) character file.

Game seed: 11426614046595403590

93 domi the Poker (level 4, 0/13 (33) HPs)
             Began as a Merfolk Reaver on Jan 19, 2023.
             Succumbed to an adder's poison
             ... on level 3 of the Dungeon.
             The game lasted 00:04:02 (1394 turns).

domi the Poker (Merfolk Reaver)                     Turns: 1394, Time: 00:04:02

HP:   0/13 (33)     AC:  5    Str: 12    XL:     4   Next: 62%
MP:   4/9           EV: 12    Int: 14    God:
Gold: 50            SH:  0    Dex: 12    Spells: 8/9 levels left

rFire   . . .      SeeInvis .    a - +0 spear
rCold   . . .      Faith    .    (no shield)
rNeg    . . .      Spirit   .    b - +0 leather armour
rPois   .          Reflect  .    (no helmet)
rElec   .          Harm     .    f - +1 cloak
rCorr   .          Rampage  .    (no gloves)
Will    .....                    (no boots)
Stlth   +                        (no amulet)
HPRegen 0.22/turn                (no ring)
MPRegen 0.11/turn                (no ring)

@: lethally poisoned (0 -> -1), flying, extremely drained
A: (nimble swimmer 2), mertail
a: no special abilities


You were on level 3 of the Dungeon.
You visited 1 branch of the dungeon, and saw 3 of its levels.

You collected 50 gold pieces.

Inventory:

Hand Weapons
 a - a +0 spear (weapon)
 c - a +2 dagger of flaming
   (You took it off a goblin on level 1 of the Dungeon)
Armour
 b - a +0 leather armour (worn)
 f - a +1 cloak (worn)
   (You found it on level 2 of the Dungeon)
Jewellery
 g - an amulet of regeneration {+regen, !d}
   (You found it on level 2 of the Dungeon)
Scrolls
 d - a scroll of noise {unknown}
 e - 5 scrolls of identify {unknown}
 h - a scroll of enchant armour {unknown}
 i - a scroll of teleportation {unknown}
 k - a scroll of fog {unknown}


   Skills:
 - Level 2.1 Fighting
 + Level 5.6 Polearms
 - Level 2.6 Dodging
 + Level 3.3 Spellcasting
 - Level 2.4 Conjurations


You had 8 spell levels left.
You knew the following spells:

 Your Spells              Type           Power      Damage    Failure   Level
y - Kiss of Death         Conj/Necr      20%        2d7       16%         1

Your spell library contained the following spells:

 Spells                   Type           Power      Damage    Failure   Level
 Momentum Strike          Conj/Tloc      10%        3d8       24%         2
 Hailstorm                Conj/Ice       5%         3d4       43%         3


Dungeon Overview and Level Annotations

Branches:
Dungeon (3/15)

Altars:

Shops:
D:2 [


Innate Abilities, Weirdness & Mutations

((You are very nimble when in or above water. (Stealth+, EV+, Speed+++)))
Your lower body shifts to a powerful aquatic tail in water.


Message History

There is a stone staircase leading down here.
You climb downwards.
Found a stone staircase leading up.
There is a stone staircase leading up here.
A ball python is nearby!
A ball python is nearby!
A ball python is nearby!
You reach to attack!
You barely miss the ball python.
You hit the ball python but do no damage.
The ball python misses you. x2
You barely miss the ball python. The ball python bites you.
The ball python barely misses you.
You take 1 damage, and have 26/27 hp.
You hit the ball python.
You kill the ball python!
Health restored: 27 No target in view!
No target in view!
There is a stone staircase leading up here.
There is a stone staircase leading up here.
An adder comes into view.
The adder hisses angrily.
You hear a shout!
An adder is nearby!
An adder is nearby!
You reach to attack!
You hit the adder. The adder misses you.
You closely miss the adder. The adder closely misses you.
Terence the Incautious comes into view.
He is wielding the +7 Throatcutter {drain, coup de grace}.
You hit the adder. The adder bites you but does no damage.
An adder comes into view.
You hit the adder.
You kill the adder!
You have reached level 4!
Health restored: 33; MP restored: 8
Aim: Terence, wielding the +7 Throatcutter {drain, coup de grace} and wearing a +0 chain mail (100% to hit)
The negative energy hits Terence.
Terence is drained!
You feel drained. Terence closely misses you.
You take 5 damage, and have 28/28 hp.
You now have 7/8 mp.
You hit Terence but do no damage.
Terence hits you with the +7 Throatcutter {drain, coup de grace}.
You feel drained.
You take 7 damage, and have 21/26 hp.
MASSIVE DAMAGE!!
You hit Terence but do no damage.
Terence screams, "I'm going to kill you!"
Terence hits you with the +7 Throatcutter {drain, coup de grace}!
You feel drained.
You take 9 damage, and have 12/24 hp.
MASSIVE DAMAGE!!
Terence attacks as you move away!
Terence hits you with the +7 Throatcutter {drain, coup de grace}.
You feel drained.
You take 5 damage, and have 7/23 hp.
MASSIVE DAMAGE!!
Aim: Terence, wielding the +7 Throatcutter {drain, coup de grace} and wearing a +0 chain mail (heavily wounded, heavily drained, 100% to hit)
You miscast Kiss of Death.
You are very lightly contaminated with residual magic.
Nothing appears to happen.
Terence closely misses you.
You now have 6/8 mp.
Aim: Terence, wielding the +7 Throatcutter {drain, coup de grace} and wearing a +0 chain mail (heavily wounded, heavily drained, 100% to hit)
The negative energy hits Terence.
Terence is drained!
You feel drained.
Terence hits you with the +7 Throatcutter {drain, coup de grace}.
You feel drained.
You take 1 damage, and have 6/17 hp.
You now have 5/8 mp.
Aim: Terence, wielding the +7 Throatcutter {drain, coup de grace} and wearing a +0 chain mail (almost dead, heavily drained, 100% to hit)
The negative energy hits Terence.
Terence is drained!
You kill Terence!
You feel drained. The adder closely misses you.
You now have 4/8 mp.
You closely miss the adder. The adder bites you but does no damage.
You hit the adder. The adder barely misses you.
You hit the adder. The adder bites you.
* * * LOW HITPOINT WARNING * * *
You are poisoned.
The adder poisons you!
You take 2 damage, and have 5/17 hp.
You closely miss the adder.
You feel sick. The adder bites you.
* * * LOW HITPOINT WARNING * * *
You take 3 damage, and have 2/17 hp.
Unknown command.
Aim: an adder (severely wounded, 100% to hit)
The negative energy hits the adder.
The adder is drained!
You kill the adder!
You feel drained.
* * * LOW HITPOINT WARNING * * *
You feel sick.
Your magical contamination has completely faded away.
You take 1 damage, and have 1/13 hp.
You now have 4/9 mp.
Okay, then.
It was a potion of flight.
You feel very buoyant.
You fly up into the air.
* * * LOW HITPOINT WARNING * * *
You feel sick.
You aren't carrying any potions.
Unknown command.
You aren't carrying any potions.
You die...

..... ... ... #.. ...
. #.# #.# # ..
##.####.##.###. ...
............... ....
#.# #@# .....
#.####.###
......###.##.....#
...............#.#.#
........<............
.####.#####<.......##
#. #...........# #
#.##..###.....
#.##..# .....


There were no monsters in sight!

Vanquished Creatures
  Terence (D:3)
  3 adders
  A worm (D:2)
  A dart slug (D:1)
  3 endoplasms
  3 giant cockroaches
  6 goblins
  4 hobgoblins (D:1)
  A kobold (D:1)
  4 quokkas (D:1)
  6 ball pythons
  3 bats
  2 frilled lizards (D:1)
  2 rats (D:1)
40 creatures vanquished.

Notes
Turn   | Place    | Note
-------+----------+-------------------------------------------
     0 | D:1      | domi the Merfolk Reaver began the quest for the Orb.
     0 | D:1      | Reached XP level 1. HP: 16/16 MP: 3/3
   124 | D:1      | Reached XP level 2. HP: 17/18 MP: 5/5
   428 | D:1      | Reached XP level 3. HP: 26/27 MP: 6/6
   437 | D:1      | You fall into a shaft and drop 1 floor!
   488 | D:2      | Found Wiomi's Antique Armour Shoppe.
   778 | D:2      | Reached skill level 5 in Polearms
  1094 | D:1      | Reached skill level 3 in Spellcasting
  1377 | D:3      | Noticed Terence
  1380 | D:3      | Reached XP level 4. HP: 33/33 MP: 8/8
  1387 | D:3      | Killed Terence
  1391 | D:3      | HP: 4/17 [poisoned by an adder]
  1392 | D:3      | HP: 1/12 [poisoned by an adder]
  1394 | D:3      | Succumbed to an adder's poison

Illustrated notes

Levels and vault maps discovered:
D:1:      wander_arrival_chamber, layout_basic, minmay_tetromino_s2
D:2:      layout_basic, serial_shops, shop
D:3:      layout_basic, grunt_temple_overflow_magic_moments,
          kennysheep_generic_room_15, uniq_terence

Skill      XL: |  1  2  3 |
---------------+----------+-----
Polearms       | 5 |  5.6
Spellcasting   | 3 |  3.3
Fighting       | |  2.1
Dodging        | |  2.6
Conjurations   | |  2.4

Action                   |  1- 3 |  4- 6 || total
-------------------------+-------+-------++-------
Melee: Spear             |   156 |     6 ||   162
       Punch             |     5 |       ||     5
 Cast: Kiss of Death     |     3 |     4 ||     7
  Use: Potion            |       |     1 ||     1
 Stab: Sleeping          |     1 |       ||     1
Armor: Leather armour    |    30 |     1 ||    31
Dodge: Dodged            |    66 |     4 ||    70

Table legend: (Time is in decaauts)
 A = Elapsed time spent in this place.
 B = Non-inter-level travel time spent in this place.
 C = Inter-level travel time spent in this place.
 D = Time resting spent in this place.
 E = Time spent auto-exploring this place.
 F = Levels seen in this place.
 G = Mean time per level.
                   A        B        C        D        E       F      G
               +--------+--------+--------+--------+--------+-----+--------+
         Total |   1371 |   1297 |     74 |      6 |   1047 |   3 |  457.0 |
       Dungeon |   1371 |   1297 |     74 |      6 |   1047 |   3 |  457.0 |
               +--------+--------+--------+--------+--------+-----+--------+

Top non-repeatable levels by time:
     D:1: 761 daAuts
     D:2: 567 daAuts
     D:3: 42 daAuts

Table legend:
 A = Kills in this place as a percentage of kills in entire the game.
 B = Kills by you in this place as a percentage of kills by you in the entire game.
 C = Kills by friends in this place as a percentage of kills by friends in the entire game.
 D = Other kills in this place as a percentage of other kills in the entire game.
 E = Experience gained in this place as a percentage of experience gained in the entire game.
 F = Experience gained in this place divided by the number of levels of this place that you have seen.
                   A       B       C       D       E      F
               +-------+-------+-------+-------+-------+----------------------
         Total | 100.0 | 100.0 |   N/A |   N/A | 100.0 |  44.7
       Dungeon | 100.0 | 100.0 |   N/A |   N/A | 100.0 |  44.7
               +-------+-------+-------+-------+-------+----------------------
